 Dungeon Crawl Stone Soup version 0.18-b1-22-ge198996 (webtiles) character file.

154 Locb the Ducker (level 5, -4/53 HPs)
             Began as a Troll Berserker on May 4, 2016.
             Was a Believer of Trog.
             Killed from afar by a white imp (6 damage)
             ... with a puff of frost
             ... summoned by Natasha
             ... on level 3 of the Dungeon.
             The game lasted 00:19:01 (1795 turns).

Locb the Ducker (Troll Berserker)                   Turns: 1795, Time: 00:19:02

Health: -4/53      AC:  5    Str: 23 (26) XL:     5   Next: 13%
Magic:  4/4        EV: 10    Int:  2 (3)  God:    Trog [**....]
Gold:   53         SH:  0    Dex:  6 (9)  Spells: 0 memorised, 4 levels left

rFire  . . .     SeeInvis .       - Unarmed
rCold  . . .     Gourm    +     a - +0 animal skin
rNeg   . . .     Faith    .     (no shield)
rPois  .         Spirit   .     (helmet restricted)
rElec  .         Dismiss  .     (no cloak)
rCorr  .         Reflect  .     (gloves unavailable)
SustAt .         Harm     .     (boots unavailable)
MR     .....                    (no amulet)
Stlth  +.........               (no ring)
                                (no ring)

@: not resistant to hostile enchantments, very unstealthy
A: unfitting armour, claws 3, fast metabolism 3, gourmand, regeneration 2,
shaggy fur 1, tough skin 2
a: Berserk, Trog's Hand, Burn Spellbooks, Renounce Religion


You were on level 3 of the Dungeon.
You worshipped Trog.
Trog was pleased with you.
You were full.

You visited 1 branch of the dungeon, and saw 3 of its levels.

You collected 53 gold pieces.

Inventory:

Armour
 a - a +0 animal skin (worn)
 l - a +0 chain mail
Jewellery
 i - a cursed ring of teleportation {361560, unknown}
Scrolls
 c - a scroll of random uselessness
 k - a scroll of magic mapping {unknown}
Potions
 e - a potion of curing
 f - a potion of degeneration
Comestibles
 b - 5 chunks of flesh


   Skills:
 + Level 3.1 Fighting
 + Level 3.9 Dodging
 - Level 0.1 Stealth
 + Level 3.7 Unarmed Combat


You had 4 spell levels left.
You didn't know any spells.

Dungeon Overview and Level Annotations

Branches:
Dungeon (3/15)

Altars:

Annotations:
D:3 Natasha


Innate Abilities, Weirdness & Mutations

You are too large for most types of armour.
You have claws for hands.
Your metabolism is lightning-fast.
You like to eat raw meat.
You heal very quickly.
You are covered in fur (AC +1).
You have very tough skin (AC +2).


Message History

* * * LOW HITPOINT WARNING * * *
The kobold hits you but does no damage.
You scratch the crimson imp but do no damage.
The crimson imp hits you but does no damage.
The white imp misses you.
You barely miss the crimson imp. The kobold barely misses you.
The white imp shouts, "Scamper away, thou loggerheaded fob-snatching apple-john!"
The crimson imp barely misses you.
The white imp sputters.
The white imp closely misses you.
You closely miss the crimson imp. The kobold hits you with a club.
* * * LOW HITPOINT WARNING * * *
The crimson imp closely misses you.
You barely miss the crimson imp. The white imp barely misses you.
The kobold hits you but does no damage.
You barely miss the crimson imp. The crimson imp hits you.
* * * LOW HITPOINT WARNING * * *
The white imp gestures at you. The puff of frost hits you!
You die...

#... #. #... ...
####... ...#
....># #.. #....#
#>. #...#.#.# #
#...##.# .#
#...@5h###.# .
###..5.K...(.# ..
.......##.##..#..
####.............
###.#.(.#.###..
#.
#.....<........
#.
#.###...#.###..
#. #.# ##.##.# #.
###)####.# .


You could see Natasha, a crimson imp, a white imp and a kobold.

Vanquished Creatures
  Terence (D:2)
  Ijyb (D:3)
  3 adders
  2 oozes
  A worm (D:3)
  4 dart slugs
  2 giant geckos (D:1)
  4 orcs (D:3)
  4 bats
  2 giant cockroaches
  7 goblins
  6 hobgoblins
  2 quokkas (D:3)
  2 ball pythons
  2 giant newts
  7 kobolds
  5 rats
55 creatures vanquished.

Vanquished Creatures (others)
  A bat (D:2)
1 creature vanquished.

Grand Total: 56 creatures vanquished

Notes
Turn   | Place    | Note
--------------------------------------------------------------
     0 | D:1      | Locb the Troll Berserker began the quest for the Orb.
     0 | D:1      | Reached XP level 1. HP: 22/22 MP: 0/0
   213 | D:1      | Reached XP level 2. HP: 29/29 MP: 1/1
   350 | D:1      | Reached ** piety under Trog
   553 | D:2      | Reached XP level 3. HP: 36/36 MP: 2/2
   609 | D:2      | Paralysed by fainting for 6 turns
   957 | D:2      | Noticed Terence
   968 | D:2      | Killed Terence
   968 | D:2      | Reached XP level 4. HP: 21/44 MP: 3/3
  1221 | D:3      | Lost intelligence.
  1392 | D:3      | Noticed Ijyb
  1404 | D:3      | Killed Ijyb
  1693 | D:3      | Reached XP level 5. HP: 51/53 MP: 4/4
  1758 | D:3      | Noticed Natasha
  1795 | D:3      | HP: 2/53 [crimson imp[Natasha] (3)]
  1795 | D:3      | Killed from afar by a white imp

Skill      XL: |  1  2  3  4 |
---------------+-------------+-----
Dodging        | 3 |  3.9
Fighting       | 3 |  3.1
Stealth        | |  0.1
Unarmed Combat | |  3.7

Action                   |  1- 3 |  4- 6 || total
-------------------------+-------+-------++-------
Melee: Unarmed           |    98 |   105 ||   203
       Punch             |       |     1 ||     1
  Use: Scroll            |     1 |     3 ||     4
       Potion            |       |     3 ||     3
  Eat: Bread ration      |     1 |     1 ||     2
       Chunk             |       |     8 ||     8
       Meat ration       |       |     1 ||     1
Armor: Animal skin       |    83 |    52 ||   135
Dodge: Dodged            |    79 |    90 ||   169
